 Dungeon Crawl Stone Soup version 0.24-a0-484-g962a3eeff7 (webtiles) character file.

Game seed: 18029439693239104872

1409 DonutEater the Geomancer (level 8, -2/41 HPs)
             Began as a Gargoyle Earth Elementalist on July 9, 2019.
             Splashed by a jelly's acid (10 damage)
             ... on level 6 of the Dungeon.
             The game lasted 00:16:29 (6257 turns).

DonutEater the Geomancer (GrEE)                     Turns: 6257, Time: 00:16:30

Health: -2/41      AC:  4    Str: 12    XL:     8   Next: 70%
Magic:  5/16       EV: 12    Int: 18    God:
Gold:   63         SH:  3    Dex: 10    Spells: 9/18 levels left

rFire    . . .     SeeInvis .   x - +0 dagger (venom)
rCold    . . .     Gourm    .   (no shield)
rNeg     + . .     Faith    .   c - +1 robe
rPois    ∞         Spirit   .   (no helmet)
rElec    +         Reflect  +   (no cloak)
rCorr    .         Harm     .   (no gloves)
MR       .....                  (no boots)
Stlth    ++++......             y - +3 amulet of reflection
HPRegen  0.13/turn              q - ring of stealth
MPRegen  0.15/turn              l - ring of stealth

@: corroded
A: negative energy resistance 1, electricity resistance, unbreathing,
petrification resistance, rot immunity, AC +5
a: no special abilities


You were on level 6 of the Dungeon.
You were not hungry.

You visited 1 branch of the dungeon, and saw 6 of its levels.

You collected 245 gold pieces.
You spent 182 gold pieces at shops.

Inventory:

Hand Weapons
 e - a +1 short sword
 f - a +0 club
 o - a +0 mace
 x - a +0 dagger of venom (weapon)
Missiles
 b - 156 stones (quivered)
Armour
 c - a +1 robe (worn)
Jewellery
 j - an uncursed ring of positive energy
 l - a ring of stealth (right hand)
 q - a ring of stealth (left hand)
 s - an uncursed ring of protection from magic
 y - a +3 amulet of reflection (around neck)
Wands
 k - a wand of random effects (24)
Scrolls
 g - 3 scrolls of teleportation
 i - a scroll of identify
 m - a scroll of blinking
 p - a scroll of enchant armour
 v - 3 scrolls of magic mapping
 w - 2 scrolls of immolation
Potions
 a - a potion of brilliance
 h - 2 potions of ambrosia
 n - a potion of haste
 r - 2 potions of invisibility
 t - a potion of cancellation
 u - 2 potions of curing
Comestibles
 d - 8 rations


   Skills:
 - Level 1.5 Dodging
 - Level 2.1 Stealth
 + Level 5.9 Spellcasting
 + Level 6.1 Conjurations
   Level 0.7 Transmutations
 + Level 8.2 Earth Magic


You had 9 spell levels left.
You knew the following spells:

 Your Spells              Type           Power        Failure   Level  Hunger
a - Sandblast             Erth           ####..       1%          1    None
b - Stone Arrow           Conj/Erth      ####..       1%          3    ##.....
c - Lee's Rapid Deconstr  Erth           ####......   12%         5    #####..

Your spell library contained the following spells:

 Spells                   Type           Power        Failure   Level  Hunger
 Passwall                 Tmut/Erth      ###.....     3%          2    None
 Corona                   Hex            #......      12%         1    None
 Slow                     Hex            #.......     19%         2    None
 Petrify                  Tmut/Erth      ###.....     19%         4    ####...
 Leda's Liquefaction      Hex/Erth       ###.......   22%         4    ####...
 Inner Flame              Hex/Fire       #.......     36%         3    ##.....
 Portal Projectile        Hex/Tloc       #.....       36%         3    ##.....
 Cause Fear               Hex            #.........   77%         4    ####...


Dungeon Overview and Level Annotations

Branches:
Dungeon (6/15)
 Temple: D:4-7

Altars:
Ashenzari
Kikubaaqudgha
Nemelex Xobeh
Okawaru
Ru
Xom

Shops:
D:4 *

Annotations:
D:5 1 runed translucent door, Zero's ghost, amateur GnWz


Innate Abilities, Weirdness & Mutations

You are resistant to torment.
Your stone body is resilient. (AC +5)
You are immune to poison.
You resist negative energy. (rN+)
You are resistant to electric shocks. (rElec)
You can survive without breathing.
You are immune to petrification.
You are immune to rotting.


Message History

You hit the hound skeleton but do no damage.
The hound skeleton is almost destroyed.
The hound skeleton closely misses you.
You hit the jelly but do no damage. The acid corrodes you!
Your hands burn!
The jelly is almost dead.
You feel yourself slow down. The hound skeleton bites you.
The jelly hits you but does no damage.
You hit the jelly but do no damage.
Your hands burn!
* * * LOW HITPOINT WARNING * * *
The jelly is almost dead.
You block the hound skeleton's attack. The jelly barely misses you.
The hound zombie bites you but does no damage.
The hound skeleton bites you but does no damage.
You eat one of the 9 rations.
That ration really hit the spot!
A howler monkey comes into view.
The hound zombie bites you but does no damage.
The jelly hits you.
* * * LOW HITPOINT WARNING * * *
You are splashed with acid!
You die...

#.....#..........
#..............?
#......<.......
#.............)
#.............#
##...h##..)...##
#....###"###....
#.†ZJ# ..# ####
#..##@# .## ....#
#Z# . ...) #.#
... #.# .. #..
...# .... .#....
##.###


You could see a howler monkey (wandering), a jelly, a hound zombie and a hound
skeleton.

Vanquished Creatures
  Duvessa (D:4)
  An orc warrior (D:6)
  3 ogres
  A centaur (D:5)
  2 scorpions
  Dowan (D:4)
  A howler monkey (D:5)
  3 crimson imps
  A bullfrog skeleton (D:5)
  A gnoll shaman (D:5)
  An orc priest (D:5)
  A centaur skeleton (D:5)
  A jelly (D:2)
  Ijyb (D:4)
  Natasha (thrice) (D:3)
  3 orc wizards
  2 worker ants
  A hound skeleton (D:5)
  5 gnolls (D:5)
  5 adders
  2 oozes
  2 worms (D:2)
  4 dart slugs (D:1)
  A leopard gecko (D:5)
  5 orcs
  5 ball pythons
  11 giant cockroaches
  7 goblins
  13 hobgoblins
  17 jackals
  8 kobolds
  6 bats
  7 frilled lizards
  A jackal skeleton (D:4)
  6 rats
133 creatures vanquished.

Notes
Turn   | Place    | Note
-------+----------+-------------------------------------------
     0 | D:1      | DonutEater the Gargoyle Earth Elementalist began the quest
                  | for the Orb.
     0 | D:1      | Reached XP level 1. HP: 10/10 MP: 3/3
   289 | D:1      | Reached skill level 4 in Earth Magic
   289 | D:1      | Reached XP level 2. HP: 13/15 MP: 5/5
   737 | D:1      | Reached XP level 3. HP: 19/19 MP: 7/7
   742 | D:1      | Learned a level 3 spell: Stone Arrow
  1513 | D:2      | Reached skill level 1 in Conjurations
  1515 | D:2      | Reached XP level 4. HP: 22/24 MP: 3/8
  1683 | D:2      | Found a shattered altar of Ashenzari.
  1995 | D:2      | Found a shimmering altar of Xom.
  1995 | D:2      | Found a shimmering altar of Xom.
  1995 | D:2      | Found a shimmering altar of Xom.
  1995 | D:2      | Found a shimmering altar of Xom.
  1997 | D:2      | Found a shimmering altar of Xom.
  1997 | D:2      | Found a shimmering altar of Xom.
  1998 | D:2      | Found a shimmering altar of Xom.
  2107 | D:2      | Reached skill level 5 in Earth Magic
  2455 | D:3      | Noticed Natasha
  2477 | D:3      | Reached XP level 5. HP: 23/28 MP: 9/9
  2485 | D:3      | Killed Natasha
  2499 | D:3      | Learned a level 5 spell: Lee's Rapid Deconstruction
  2503 | D:3      | Noticed Natasha
  2506 | D:3      | Killed Natasha
  2609 | D:3      | Found an ancient bone altar of Kikubaaqudgha.
  2808 | D:2      | Reached XP level 6. HP: 24/32 MP: 11/11
  3129 | D:3      | Noticed Natasha
  3176 | D:3      | Killed Natasha
  3620 | D:4      | Noticed Ijyb
  3681 | D:4      | Killed Ijyb
  3761 | D:4      | Found Iloigui Puupt's General Store.
  3806 | D:4      | Bought a scroll of identify for 26 gold pieces
  3806 | D:4      | Bought a wand of iceblast (6) for 130 gold pieces
  3806 | D:4      | Bought a scroll of identify for 26 gold pieces
  3823 | D:4      | Reached skill level 6 in Earth Magic
  3896 | D:4      | Found an iron altar of Okawaru.
  3949 | D:4      | Noticed Duvessa
  3949 | D:4      | Noticed Dowan
  3952 | D:4      | Killed Dowan
  3952 | D:4      | Reached XP level 7. HP: 36/36 MP: 10/13
  3956 | D:4      | Killed Duvessa
  4184 | D:4      | Found a sacrificial altar of Ru.
  4443 | D:5      | Entered Level 5 of the Dungeon
  4850 | D:5      | Reached skill level 5 in Spellcasting
  4850 | D:5      | Reached skill level 7 in Earth Magic
  4968 | D:5      | Reached XP level 8. HP: 19/41 MP: 11/15
  4971 | D:5      | Reached skill level 5 in Conjurations
  5187 | D:5      | Found a runed translucent door.
  5438 | D:5      | Found a sparkling altar of Nemelex Xobeh.
  5887 | D:5      | Noticed Zero's ghost (amateur GnWz)
  6209 | D:6      | Reached skill level 8 in Earth Magic
  6257 | D:6      | Splashed by a jelly's acid

Levels and vault maps discovered:
D:1:      minmay_arrival_loop, layout_loops_ring
D:2:      layout_loops_ring, evilmike_ruin_ashenzari, xom_redecorated,
          grunt_ministairs_3
D:3:      kb_forest_paths, layout_rooms, lemuel_round_altar, first_ration,
          minmay_tree_intersection, kennysheep_nondescript,
          kennysheep_generic_room_15, uniq_natasha
D:4:      layout_cave_pools, okawaru_gym_becter, serial_shops, shop_coins,
          hangedman_decor_riveting, minmay_misc_feat_ornament,
          nicolae_ru_great_annihilating_truth, uniq_ijyb, uniq_duvessa
D:5:      layout_gridville, nemelex_xobeh_ov_fountains_minmay,
          ebering_ghost_reflecting_pool
D:6:      layout_rooms, tgw_trog, makhleb_grotto_becter, grunt_gozag_breadcrumbs

Skill      XL: |  1  2  3  4  5  6  7  8 |
---------------+-------------------------+-----
Earth Magic    | 4 5 6 7 8 |  8.2
Conjurations   | 1 2 3 4 6 |  6.1
Spellcasting   | 3 4 5 |  5.9
Dodging        | |  1.5
Stealth        | |  2.1
Transmutations | |  0.7

Action                   |  1- 3 |  4- 6 |  7- 9 || total
-------------------------+-------+-------+-------++-------
Melee: Club              |    45 |       |       ||    45
       Unarmed           |     1 |       |       ||     1
       Short sword       |    64 |   225 |    64 ||   353
       Dagger            |       |       |    94 ||    94
 Cast: Sandblast         |    16 |    45 |    29 ||    90
       Stone Arrow       |       |     7 |     2 ||     9
       Lee's Rapid Decon |       |       |     6 ||     6
Evoke: Wand              |       |     1 |     7 ||     8
  Use: Scroll            |     3 |     6 |     7 ||    16
       Potion            |       |       |     2 ||     2
 Stab: Sleeping          |     6 |     2 |     1 ||     9
       Paralysed         |       |       |     2 ||     2
  Eat: Chunk             |     2 |     9 |     7 ||    18
       Ration            |       |       |     1 ||     1
Armor: Robe              |    43 |   133 |    69 ||   245
Dodge: Dodged            |    84 |   209 |   116 ||   409
Block: Other             |       |       |    12 ||    12

Table legend:
 A = Non-vault XP
 B = Vault XP
 C = Vault XP percentage of total XP
 D = Non-vault monster count
 E = Vault monster count
 F = Vault count percentage of total count
                 A         B        C        D         E       F
            +---------+---------+-------+---------+---------+-------
      Total |    1707 |     307 |  15.2 |     116 |      17 |  12.8
            +---------+---------+-------+---------+---------+-------
        D:1 |      68 |       0 |   0.0 |      31 |       0 |   0.0
        D:2 |      92 |       3 |   3.2 |      20 |       2 |   9.1
        D:3 |     181 |      44 |  19.6 |      24 |       8 |  25.0
        D:4 |     318 |     260 |  45.0 |       7 |       7 |  50.0
        D:5 |     789 |       0 |   0.0 |      26 |       0 |   0.0
        D:6 |     259 |       0 |   0.0 |       8 |       0 |   0.0
            +---------+---------+-------+---------+---------+-------
